 Dungeon Crawl Stone Soup version 0.27-a0-1060-gcb85b5eba1 (webtiles) character file.

Game seed: 3580136035617119325

65 snetch the Chopper (level 4, -6/38 (41) HPs)
             Began as a Hill Orc Monk on Apr 22, 2021.
             Mangled by a wight
             ... wielding a +1 trident of freezing
              (10 damage)
             ... on level 3 of the Dungeon.
             The game lasted 00:04:12 (1691 turns).

snetch the Chopper (Hill Orc Monk)                  Turns: 1691, Time: 00:04:13

HP:   -6/38 (41)    AC:  8    Str: 14    XL:     4   Next: 14%
MP:   4/4           EV:  6    Int: 10    God:
Gold: 71            SH:  0    Dex: 13    Spells: 3/3 levels left

rFire    . . .     SeeInvis .   h - +2 long sword (vorpal)
rCold    . . .     Faith    .   (no shield)
rNeg     . . .     Spirit   .   d - +0 chain mail
rPois    .         Reflect  .   (no helmet)
rElec    .         Harm     .   (no cloak)
rCorr    .         Rampage  .   (no gloves)
Will     .....                  (no boots)
Stlth    ..........             (no amulet)
HPRegen  0.12/turn              (no ring)
MPRegen  0.09/turn              (no ring)

@: drained
A: no striking features
a: no special abilities


You were on level 3 of the Dungeon.
You visited 1 branch of the dungeon, and saw 4 of its levels.

You collected 71 gold pieces.

Inventory:

Hand Weapons
 a - a +0 hand axe
 h - a +2 vorpal long sword (weapon)
Missiles
 f - 8 stones
 i - 19 bolts
 j - 70 arrows
 p - 8 curare-tipped darts
 q - 5 boomerangs
Armour
 d - a +0 chain mail (worn)
 m - a +0 helmet
Wands
 o - a wand of flame (7) (quivered)
Scrolls
 c - a scroll of brand weapon {unknown}
 e - 4 scrolls of identify {unknown}
 g - 2 scrolls of teleportation {unknown}
 k - a scroll of enchant weapon {unknown}
 l - a scroll of noise {unknown}
Potions
 b - a potion of lignification {unknown}
 n - a potion of mutation {unknown}


   Skills:
 + Level 4.3 Fighting
 + Level 5.0 Axes
 + Level 1.0 Armour
 + Level 2.8 Dodging
 + Level 1.8 Stealth


You had 3 spell levels left.
You didn't know any spells.
Your spell library was empty.

Dungeon Overview and Level Annotations

Branches:
Dungeon (4/15)
 Temple: D:4-7

Altars:
Nemelex Xobeh


Message History

A hobgoblin comes into view.
The hobgoblin shouts!
There is an escape hatch in the ceiling here.
An adder comes into view.
The adder hisses angrily.
You hit the hobgoblin.
You kill the hobgoblin!
A wight comes into view. It is wielding a +0 flail.
A wight comes into view.
It is wielding a +1 trident of freezing.
A wight comes into view. It is wielding a +2 trident of flaming.
You see here a hobgoblin corpse.
You miss the adder. The adder barely misses you.
The adder completely misses you.
You miss the adder.
The adder bites you but does no damage. x2
You slash the adder!
You kill the adder!
The wight hits you from afar with a +1 trident of freezing.
The wight freezes you.
Your Axes skill increases to level 5!
Your Armour skill increases to level 1!
You have reached level 4!
There is an escape hatch in the ceiling here.
The wight hits you but does no damage.
There is an escape hatch in the ceiling here.
The wight hits you but does no damage. A mysterious force pulls you upwards.
The hatch slams shut behind you.
You completely miss the wight.
The wight hits you with a +1 trident of freezing!
The wight freezes you.
You closely miss the wight.
The wight hits you with a +1 trident of freezing.
You feel drained. The wight freezes you.
The wight hits you with a +1 trident of freezing!
* * * LOW HITPOINT WARNING * * *
You feel drained.
* * * LOW HITPOINT WARNING * * *
The wight freezes you.
* * * LOW HITPOINT WARNING * * *
You closely miss the wight.
The wight hits you with a +1 trident of freezing!
You die...

#.. #.#.#... ...#
#.#)#.# #...##
#....>#
#...###.##..#
#...#.##..#
#....#.._#
.#####..###..##
........###.z####
.....##..##.@...#
.###.##..###.#..#
# #....##.# .#
#.##...... # #.#
..#..# #.# .....#
#.# ..#..# #<#
^#... ### .#


You could see a wight.

Vanquished Creatures
  A hound skeleton (D:3)
  An adder (D:4)
  An orc (D:3)
  2 ball pythons
  An endoplasm (D:1)
  A giant cockroach (D:2)
  5 goblins
  2 hobgoblins
  5 jackals (D:1)
  4 kobolds
  3 quokkas (D:2)
  6 bats
  5 frilled lizards
  3 rats
40 creatures vanquished.

Notes
Turn   | Place    | Note
-------+----------+-------------------------------------------
     0 | D:1      | snetch the Hill Orc Monk began the quest for the Orb.
     0 | D:1      | Reached XP level 1. HP: 19/19 MP: 1/1
   240 | D:1      | Reached XP level 2. HP: 27/27 MP: 2/2
   777 | D:1      | Reached XP level 3. HP: 32/33 MP: 3/3
  1012 | D:2      | Found a sparkling altar of Nemelex Xobeh.
  1546 | D:3      | Found a faded altar of an unknown god.
  1684 | D:4      | Reached skill level 5 in Axes
  1684 | D:4      | Reached skill level 1 in Armour
  1684 | D:4      | Reached XP level 4. HP: 34/41 MP: 4/4
  1691 | D:3      | Mangled by a wight

Illustrated notes

Levels and vault maps discovered:
D:1:      shiori_arrival_elements, layout_basic, chequers_garden,
          minmay_misc_feat_x
D:2:      layout_basic, basic_altar, minmay_misc_feat_four_crosses
D:3:      layout_basic, serial_curves, eino_curves_04, eino_curves_03,
          basic_ecumenical_altar, uniq_sigmund
D:4:      layout_loops_ring, st_stairs_7

Skill      XL: |  1  2  3 |
---------------+----------+-----
Fighting       | 4 |  4.3
Axes           | 5 |  5.0
Armour         | 1 |  1.0
Dodging        | |  2.8
Stealth        | |  1.8

Action                   |  1- 3 |  4- 6 || total
-------------------------+-------+-------++-------
Melee: Hand axe          |    68 |       ||    68
       Long sword        |    56 |     3 ||    59
Armor: Chain mail        |   110 |     2 ||   112
       Robe              |     1 |       ||     1
Dodge: Dodged            |    65 |       ||    65
       Rpst.: Long sword |     4 |       ||     4

Table legend: (Time is in decaauts)
 A = Elapsed time spent in this place.
 B = Non-inter-level travel time spent in this place.
 C = Inter-level travel time spent in this place.
 D = Time resting spent in this place.
 E = Time spent auto-exploring this place.
 F = Levels seen in this place.
 G = Mean time per level.
                   A        B        C        D        E       F      G
               +--------+--------+--------+--------+--------+-----+--------+
         Total |   1727 |   1705 |     22 |    177 |    975 |   4 |  431.8 |
       Dungeon |   1727 |   1705 |     22 |    177 |    975 |   4 |  431.8 |
               +--------+--------+--------+--------+--------+-----+--------+

Top non-repeatable levels by time:
     D:2: 882 daAuts
     D:1: 655 daAuts
     D:3: 171 daAuts
     D:4: 17 daAuts
